 Dungeon Crawl Stone Soup version 0.18-a0-337-g1235303 (webtiles) character file.

1738 FishmanTm the Martial Artist (level 9, -3/63 HPs)
             Began as a Merfolk Transmuter on Nov 28, 2015.
             Slain by nublet's ghost (23 damage)
             ... on level 6 of the Dungeon on Nov 29, 2015.
             The game lasted 00:13:49 (6150 turns).

FishmanTm the Martial Artist (Merfolk Transmuter)   Turns: 6150, Time: 00:13:49

Health: -3/63      AC:  2    Str: 10    XL:     9   Next: 5%
Magic:  7/13       EV: 29    Int: 14    God:
Gold:   368        SH:  0    Dex: 21    Spells: 4 memorised, 4 levels left

rFire  . . .     SeeInvis .       - Unarmed
rCold  . . .     Clarity  .     (armour currently unavailable)
rNeg   . . .     SustAt   .     (shield currently unavailable)
rPois  x         Gourm    .     (helmet currently unavailable)
rElec  .         Spirit   .     (cloak currently unavailable)
rCorr  .         Warding  .     (gloves currently unavailable)
rMut   .         Stasis   .     (boots currently unavailable)
MR     .....                    (no amulet)
Stlth  ++........               (no ring)
                                (no ring)

@: spider-form (expiring), not resistant to hostile enchantments, unstealthy
A: (change form in water), (swift swim)
a: End Transformation


You were on level 6 of the Dungeon.
You were near starving.
You were a venomous arachnid creature.
You visited 1 branch of the dungeon, and saw 6 of its levels.
You also visited: Sewer.

You collected 368 gold pieces.

Inventory:

Missiles
 a - 29 arrows
 o - an arrow of dispersal
Armour
 b - a +0 robe
 t - a +0 helmet (melded)
 B - a +0 cloak of poison resistance (melded)
Scrolls
 g - a scroll of remove curse
 i - 4 scrolls of teleportation
 l - a scroll of fear
 m - 4 scrolls of blinking
 n - a scroll of fog
 q - a scroll of noise {unknown}
 v - a scroll of recharging {unknown}
 x - a scroll of immolation {unknown}
 y - a scroll of enchant armour
 A - 2 scrolls of magic mapping
Potions
 e - a potion of lignification
 f - a potion of magic
 h - a potion of heal wounds
 j - 5 potions of haste
 k - 3 potions of brilliance
 p - 2 potions of agility
 s - a potion of ambrosia
 w - 7 potions of curing
 C - a potion of might
 D - 2 potions of berserk rage {unknown}
 E - a potion of cancellation {unknown}
Books
 c - a book of Changes

   Spells                             Type                      Level
   a - Beastly Appendage              Transmutation                1
   b - Sticks to Snakes               Transmutation                2
   c - Spider Form                    Transmutation/Poison         3
   d - Ice Form                       Ice/Transmutation            4
   e - Blade Hands                    Transmutation                5
Comestibles
 d - 5 bread rations
 r - 2 meat rations
 u - a slice of pizza
 z - 2 royal jellies


   Skills:
 + Level 3.0 Fighting
 - Level 8.0 Dodging
 - Level 8.6 Unarmed Combat
 - Level 3.0 Spellcasting
 - Level 7.3 Transmutations


You had 4 spell levels left.
You knew the following spells:

 Your Spells              Type           Power        Failure   Level  Hunger
a - Beastly Appendage     Trmt           ###...       4%          1    #......
b - Sticks to Snakes      Trmt           ###.....     6%          2    ##.....
c - Spider Form           Trmt/Pois      ##........   36%         3    ###....
d - Ice Form              Ice/Trmt       ##......     78%         4    #####..


Dungeon Overview and Level Annotations

Branches:
Dungeon (6/15)
 Temple: D:4-7

Altars:
Cheibriados
Dithmenos
Okawaru
Xom
The Shining One

Annotations:
D:6 Sigmund; nublet's ghost, novice TrMo


Message History

You bite nublet's ghost!
Nublet's ghost is moderately damaged.
Your transformation is almost over.
Nublet's ghost completely misses you.
You bite nublet's ghost!
Nublet's ghost is moderately damaged.
Nublet's ghost hits you.
You hit nublet's ghost.
Nublet's ghost is moderately damaged.
Nublet's ghost misses you.
You barely miss nublet's ghost.
Nublet's ghost is moderately damaged.
Nublet's ghost hits you!
You hit nublet's ghost but do no damage.
Nublet's ghost is moderately damaged.
Unknown command.
You bite nublet's ghost!
Nublet's ghost is moderately damaged.
Nublet's ghost hits you!!
You die...

####.####.#....# #. ..> #
#...........# ..#.... #####..
# #####+##....##..#....
#...#.. #
#........S......#....###...#<.
#
#.........##..........{...SS..
#
#.......................S.....
#
#.........##..................
#.........##...........#...###
#..........#.sW........#...#
#......................#...#
####..####.####........#...#
#.. .... ........#...#
#..#...... .########### #.
#....... .# ....._... #
..#....... ..#....


You could see nublet's ghost.

Vanquished Creatures
  Grinder (D:6)
  The ghost of FishmanTm the Changer, an amateur MfTm (D:3)
  Duvessa (D:5)
  2 ogres (D:4)
  A phantom (D:5)
  An ice beast (D:5)
  A centaur (D:5)
  2 giant frogs (Sewer)
  Dowan (D:5)
  3 scorpions
  2 crimson imps
  A hound (D:5)
  Crazy Yiuf (D:3)
  2 orc priests
  2 orc wizards (D:5)
  An iguana (D:5)
  A worker ant (D:6)
  A hound skeleton (D:5)
  9 adders
  3 river rats (Sewer)
  An ooze (Sewer)
  3 worms
  13 orcs
  5 giant cockroaches
  5 goblins
  4 hobgoblins
  4 jackals (D:4)
  7 kobolds
  15 ball pythons
  17 bats
  3 giant geckos (D:4)
  9 giant newts
  A quokka skeleton (D:6)
  27 rats
151 creatures vanquished.

Vanquished Creatures (collateral kills)
  An adder (D:2)
  An orc (D:5)
  2 ball pythons (Sewer)
  12 rats (Sewer)
16 creatures vanquished.

Grand Total: 167 creatures vanquished

Notes
Turn   | Place    | Note
--------------------------------------------------------------
     0 | D:1      | FishmanTm the Merfolk Transmuter began the quest for the Orb.
     0 | D:1      | Reached XP level 1. HP: 15/15 MP: 3/3
   140 | D:1      | Reached XP level 2. HP: 19/22 MP: 3/5
   148 | D:1      | Learned a level 2 spell: Sticks to Snakes
   836 | D:2      | Reached XP level 3. HP: 22/29 MP: 4/6
   841 | D:2      | Learned a level 3 spell: Spider Form
  1378 | D:2      | HP: 1/29 [poisoned by an adder]
  1688 | D:2      | Reached skill level 4 in Transmutations
  2175 | D:2      | Reached XP level 4. HP: 35/35 MP: 7/7
  2188 | D:3      | Noticed FishmanTm's ghost (amateur MfTm)
  2213 | D:3      | Killed FishmanTm's ghost
  2213 | D:3      | Reached skill level 7 in Transmutations
  2213 | D:3      | Reached XP level 5. HP: 9/41 MP: 3/8
  2213 | D:3      | Reached XP level 6. HP: 10/47 MP: 3/9
  2482 | D:3      | You fall through a shaft for 2 floors!
  2482 | D:5      | Entered Level 5 of the Dungeon
  2658 | D:5      | Learned a level 4 spell: Ice Form
  3430 | D:3      | Noticed Crazy Yiuf
  3440 | D:3      | Killed Crazy Yiuf
  3651 | D:4      | Found a glowing drain.
  3671 | Sewer    | Entered a sewer
  3698 | Sewer    | Reached XP level 7. HP: 46/52 MP: 11/11
  3920 | Sewer    | Reached skill level 5 in Unarmed Combat
  4577 | D:4      | Reached XP level 8. HP: 36/58 MP: 5/12
  4808 | D:4      | Found a shadowy altar of Dithmenos.
  4820 | D:4      | Found an iron altar of Okawaru.
  4908 | D:4      | Found a shimmering altar of Xom.
  5090 | D:5      | Noticed Duvessa
  5091 | D:5      | Noticed Dowan
  5101 | D:5      | Killed Duvessa
  5101 | D:5      | Reached skill level 8 in Unarmed Combat
  5106 | D:5      | Killed Dowan
  5567 | D:5      | Reached skill level 5 in Dodging
  5849 | D:5      | Found a glowing golden altar of the Shining One.
  5931 | D:6      | Noticed Sigmund
  6115 | D:6      | Noticed Grinder
  6121 | D:6      | Paralysed by Grinder for 5 turns
  6130 | D:6      | Killed Grinder
  6130 | D:6      | Reached XP level 9. HP: 57/63 MP: 7/13
  6134 | D:6      | Found a snail-covered altar of Cheibriados.
  6138 | D:6      | Noticed nublet's ghost (novice TrMo)
  6150 | D:6      | Slain by nublet's ghost

Vault maps used:
D:1:      evilmike_arrival_hilbert_curve, hex_medium
D:3:      uniq_crazy_yiuf_cottage
D:4:      overflow_temple_1_default, amethyst_overflow_temple_binary,
          portal_sewer_entry_b
D:5:      tso_oasis_becter, first_bread, uniq_duvessa
D:6:      wad_pebble_path, old_standard_altar, uniq_sigmund, uniq_grinder
Sewer:    sewer_minmay_w

Action                   |  1- 3 |  4- 6 |  7- 9 || total
-------------------------+-------+-------+-------++-------
Melee: Unarmed           |   130 |   107 |   223 ||   460
 Cast: Beastly Appendage |    31 |       |       ||    31
       Sticks to Snakes  |     4 |       |    10 ||    14
       Spider Form       |     2 |    16 |    19 ||    37
 Abil: End Transformatio |       |     3 |     3 ||     6
  Use: Scroll            |     8 |     2 |     5 ||    15
       Potion            |       |       |     3 ||     3
 Stab: Sleeping          |     2 |     4 |       ||     6
  Eat: Chunk             |     5 |     7 |    10 ||    22
